 Dungeon Crawl Stone Soup version 0.14-a0-848-g57a047c (webtiles) character file.

223 PolkaDot the Ruinous (level 5, -6/35 HPs)
             Began as a Vampire Conjurer on Nov 14, 2013.
             Killed from afar by an orc wizard (8 damage)
             ... with a magic dart
             ... on Level 3 of the Dungeon.
             The game lasted 00:08:51 (2599 turns).

PolkaDot the Ruinous (Vampire Conjurer)             Turns: 2599, Time: 00:08:54

HP  -6/35        AC  2     Str  7      XL: 5   Next: 17%
MP   1/9         EV 12     Int 20      God:
Gold 64          SH  0     Dex 14      Spells:  2 memorised,  3 levels left

Res.Fire  : . . .   See Invis. : +   n - +1,+2 orc dagger (flame)
Res.Cold  : . . .   Warding    : .   a - +0 robe
Life Prot.: . . .   Conserve   : .   (no shield)
Res.Poison: .       Res.Corr.  : .   (no helmet)
Res.Elec. : .       Clarity    : .   (no cloak)
Sust.Abil.: . .     Spirit.Shd : .   (no gloves)
Res.Mut.  : .       Stasis     : .   (no boots)
Res.Rott. : .       Flight     : .   (no amulet)
Saprovore : . . .                    u - +2 ring of intelligence
                                     q - ring of flight

@: regenerating quickly, invisible, mildly poisoned, slowed, very slow, slightly
resistant to hostile enchantments, stealthy
A: fangs 3, see invisible, unbreathing
a: Evoke Flight


You were on level 3 of the Dungeon.
You were very full.

You visited 1 branch of the dungeon, and saw 3 of its levels.

You collected 64 gold pieces.

Inventory:

Hand weapons
 n - a +1,+2 orcish dagger of flaming (weapon)
Armour
 a - a +0 robe (worn)
Scrolls
 e - 3 scrolls of remove curse
 f - a scroll of recharging {unknown}
 h - 4 scrolls of identify {unknown}
 j - a scroll of curse jewellery {unknown}
 o - 2 scrolls of magic mapping {unknown}
 r - a scroll of enchant weapon I {unknown}
 t - a scroll of noise {unknown}
 v - a scroll of teleportation {unknown}
Jewellery
 q - a ring of flight (left hand)
 u - a +2 ring of intelligence (right hand)
Potions
 g - a potion of brilliance {unknown}
 i - a potion of resistance {unknown}
 k - a potion of experience {unknown}
 l - 2 potions of speed
 m - a potion of slowing
 p - a potion of restore abilities {unknown}
 s - a potion of curing {unknown}
Books
 c - a book of Conjurations

   Spells                             Type                      Level
   *Magic Dart                        Conjuration                  1
   *Searing Ray                       Conjuration                  2
   Dazzling Spray                     Conjuration/Hexes            3
   Iskenderun's Mystic Blast          Conjuration                  4
   Iskenderun's Battlesphere          Conjuration/Charms           4
   Fulminant Prism                    Conjuration/Hexes            5


   Skills:
 - Level 2.1 Dodging
 - Level 3.0 Stealth
 - Level 1.0 Spellcasting
 * Level 4.9 Conjurations


You had 3 spell levels left.
You knew the following spells:

 Your Spells              Type           Power        Failure   Level  Hunger
a - Magic Dart            Conj           ###.         2%          1    ##.....
s - Searing Ray           Conj           ###...       3%          2    ###....


Dungeon Overview and Level Annotations

Branches:
Dungeon (3/16)

Altars:


Innate Abilities, Weirdness & Mutations

Your natural rate of healing is unusually fast.
You have razor-sharp teeth.*
You have supernaturally acute eyesight.
You can survive without breathing.*


Message History

The orc wizard is severely wounded.
The orc wizard misses you.
Drink which item? (? for menu, Esc to quit)
That liquid tasted very nasty...
You are poisoned.
It was a potion of poison.
You feel sick. The orc barely misses you.
The orc wizard hits you with an orcish dagger.
Drink which item? (? for menu, Esc to quit)
You feel yourself slow down.
It was a potion of slowing.
You feel sick. The orc wizard casts a spell at you. The magic dart hits you!
The orc hits you from afar with a glowing orcish trident!
* * * LOW HITPOINT WARNING * * *
Drink which item? (? for menu, Esc to quit)
You fade into invisibility!
It was a potion of invisibility.
* * * LOW HITPOINT WARNING * * *
You feel sick. The orc wizard casts a spell at you. The magic dart hits you!
You die...

#.# #.# ###'######
#........# #.#
###......%.### ....
####.'........'.# ..(..
#....#........#..
......o##.####........##.
......oo@.# #........##.
......o#### #........##.
..... #........### ....
#........# ... ##########
#


You could see an orc priest, an orc wizard and 2 orcs.

Vanquished Creatures
  Jessica (D:2)
  7 adders
  A giant mite (D:2)
  A worm (D:2)
  An ooze (D:1)
  An orc (D:3)
  5 bats
  A giant cockroach (D:2)
  9 hobgoblins
  2 jackals (D:3)
  10 kobolds
  A quokka (D:3)
  2 ball pythons (D:2)
  2 giant geckos (D:2)
  3 giant newts
  10 goblins
  8 rats
65 creatures vanquished.

Notes
Turn   | Place    | Note
--------------------------------------------------------------
     0 | D:1      | PolkaDot, the Vampire Conjurer, began the quest for the Orb.
     0 | D:1      | Reached XP level 1. HP: 13/13 MP: 4/4
   518 | D:1      | Reached XP level 2. HP: 19/19 MP: 0/5
  1226 | D:2      | Reached XP level 3. HP: 12/24 MP: 1/6
  1326 | D:2      | Learned a level 2 spell: Searing Ray
  1360 | D:2      | Reached skill level 4 in Conjurations
  1476 | D:2      | Reached XP level 4. HP: 20/30 MP: 4/8
  1908 | D:2      | Noticed Jessica
  1914 | D:2      | Killed Jessica
  2455 | D:3      | Reached XP level 5. HP: 35/35 MP: 9/9
  2599 | D:3      | HP: 1/35 [poison (a potion of poison)]
  2599 | D:3      | Killed from afar by an orc wizard

Action                   |  1- 3 |  4- 6 || total
-------------------------+-------+-------++-------
Melee: Unarmed           |     1 |       ||     1
       Dagger            |    58 |    77 ||   135
 Cast: Magic Dart        |    52 |     3 ||    55
       Searing Ray       |       |     7 ||     7
  Use: Scroll            |     1 |       ||     1
       Potion            |       |     3 ||     3
 Stab: Sleeping          |     2 |     5 ||     7
       Distracted        |     1 |       ||     1
